[Event "DMP Ekstraliga 2020"]
[Site "Krakow"]
[Date "2020.03.27"]
[Round "2.8"]
[White "Dziuba, Marcin"]
[Black "Barski, Radoslaw"]
[Result "1-0"]
[ECO "D78"]
[WhiteElo "2590"]
[BlackElo "2444"]
[Annotator "RC"]
[PlyCount "67"]
[EventDate "2020.08.26"]
[EventType "team-tourn"]
[EventCountry "POL"]
[SourceTitle "playchess.com"]
[Source "ChessBase"]
[SourceQuality "1"]
[TimeControl "30/5400+30:1800+30"]

1. d4 d5 2. c4 c6 3. Nf3 Nf6 4. g3 g6 5. Bg2 Bg7 6. O-O O-O 7. Qb3 Qb6 8. Nc3 Rd8 9. c5 Qa6 10. Bf4 Bf5 11. Rfc1 b6 12. cxb6 axb6 13. Ne5 Be6 14. a4 Rc8 15. Qa3 c5 16. Nb5 Nh5 17. Nd3 c4 18. Nb4 Qb7 19. b3 Nxf4 20. gxf4 c3 21. e3 Nd7 22. Nxc3 Nf6 23. Nd3 Ne4 24. Nxe4 dxe4 25. Ne5 f6 26. Nc4 b5 27. Qb4 Rab8 28. Na5 Qd5 29. Rxc8+ Bxc8 30. Rc1 Bf8 31. Nc6 Rb7 32. axb5 e6 33. Qc4 Rxb5 34. Na7 1-0

[Event "DMP Ekstraliga 2020"]
[Site "Krakow"]
[Date "2020.03.27"]
[Round "2.16"]
[White "Kriebel, Tadeas"]
[Black "Miton, Kamil"]
[Result "1/2-1/2"]
[ECO "B35"]
[WhiteElo "2519"]
[BlackElo "2590"]
[Annotator "RC"]
[PlyCount "31"]
[EventDate "2020.08.26"]
[EventType "team-tourn"]
[EventCountry "POL"]
[SourceTitle "playchess.com"]
[Source "ChessBase"]
[SourceQuality "1"]
[TimeControl "30/5400+30:1800+30"]

1. e4 c5 2. Nf3 Nc6 3. Nc3 g6 4. d4 cxd4 5. Nxd4 Bg7 6. Be3 Nf6 7. Bc4 Qa5 8. O-O O-O 9. Bb3 d6 10. Nd5 Re8 11. Nxf6+ Bxf6 12. c3 Bd7 13. f4 Nxd4 14. Bxd4 Bxd4+ 15. Qxd4 Qc5 16. Qxc5 1/2-1/2

[Event "DMP Ekstraliga 2020"]
[Site "Krakow"]
[Date "2020.03.27"]
[Round "2.19"]
[White "Antoniewski, Rafal"]
[Black "Matuszewski, Michal"]
[Result "1/2-1/2"]
[ECO "A10"]
[WhiteElo "2490"]
[BlackElo "2508"]
[Annotator "ChessBase"]
[PlyCount "27"]
[EventDate "2020.08.26"]
[EventType "team-tourn"]
[EventCountry "POL"]
[SourceTitle "playchess.com"]
[Source "ChessBase"]
[SourceQuality "1"]
[TimeControl "30/5400+30:1800+30"]

1. c4 f5 2. Nf3 Nf6 3. g3 g6 4. Bg2 Bg7 5. O-O d6 6. d4 O-O 7. b3 a5 8. Bb2 c6 9. Nc3 Na6 10. Qc2 Rb8 11. Rfd1 Bd7 12. e4 f4 13. e5 Nh5 14. Qe2 1/2-1/2

[Event "DMP Ekstraliga 2020"]
[Site "Krakow"]
[Date "2020.03.27"]
[Round "2.20"]
[White "Leniart, Arkadiusz"]
[Black "Cyborowski, Lukasz"]
[Result "0-1"]
[ECO "B36"]
[WhiteElo "2482"]
[BlackElo "2508"]
[Annotator "ChessBase"]
[PlyCount "46"]
[EventDate "2020.08.26"]
[EventType "team-tourn"]
[EventCountry "POL"]
[SourceTitle "playchess.com"]
[Source "ChessBase"]
[SourceQuality "1"]
[TimeControl "30/5400+30:1800+30"]

1. e4 c5 2. Nf3 Nc6 3. d4 cxd4 4. Nxd4 g6 5. c4 Nf6 6. Nc3 Nxd4 7. Qxd4 d6 8. c5 Bg7 9. Bb5+ Bd7 10. Bxd7+ Qxd7 11. cxd6 O-O 12. Qb4 a5 13. Qb5 exd6 14. Qd3 b5 15. Bg5 Qg4 16. Bxf6 Qxg2 17. Bxg7 Qxh1+ 18. Ke2 Qxa1 19. Bf6 Rae8 20. Nd5 Re6 21. Qe3 Qh1 22. f3 Qxh2+ 23. Kd3 Rc8 0-1

[Event "DMP Ekstraliga 2020"]
[Site "Krakow"]
[Date "2020.03.27"]
[Round "2.21"]
[White "Nurkiewicz, Maciej"]
[Black "Nguyen, Piotr"]
[Result "0-1"]
[ECO "A41"]
[WhiteElo "2326"]
[BlackElo "2422"]
[Annotator "ChessBase"]
[PlyCount "73"]
[EventDate "2020.08.26"]
[EventType "team-tourn"]
[EventCountry "POL"]
[SourceTitle "playchess.com"]
[Source "ChessBase"]
[SourceQuality "1"]
[TimeControl "30/5400+30:1800+30"]

1. d4 d6 2. c4 e5 3. Nc3 exd4 4. Qxd4 Nf6 5. b3 Nc6 6. Qd2 Be6 7. e4 a5 8. Bb2 a4 9. Rd1 axb3 10. axb3 Nd7 11. Nd5 Nc5 12. Qe3 Ra2 13. Rd2 Ne5 14. f4 Ng4 15. Qf3 c6 16. f5 Bxd5 17. exd5 Ne5 18. Qe3 Qh4+ 19. g3 Qe4 20. Qxe4 Nxe4 21. Rc2 Be7 22. Be2 Bf6 23. Nh3 Nd7 24. Bf3 Ndc5 25. Bxe4 Nxe4 26. Re2 Rxb2 27. Rxe4+ Kd7 28. dxc6+ bxc6 29. O-O Ra8 30. Nf2 Raa2 31. Ng4 Bd8 32. f6 g6 33. c5 Rg2+ 34. Kh1 h5 35. Rd1 hxg4 36. Rxd6+ Kc7 37. Re8 0-1

[Event "DMP Ekstraliga 2020"]
[Site "Krakow"]
[Date "2020.03.27"]
[Round "2.22"]
[White "Zwardon, Vojtech"]
[Black "Bartel, Michal"]
[Result "1-0"]
[ECO "A20"]
[WhiteElo "2481"]
[BlackElo "2274"]
[Annotator "ChessBase"]
[PlyCount "91"]
[EventDate "2020.08.26"]
[EventType "team-tourn"]
[EventCountry "POL"]
[SourceTitle "playchess.com"]
[Source "ChessBase"]
[SourceQuality "1"]
[TimeControl "30/5400+30:1800+30"]

1. c4 e5 2. g3 d6 3. Bg2 f5 4. d4 Be7 5. Nc3 Nf6 6. e3 c6 7. Nge2 O-O 8. b3 Qe8 9. Ba3 Nbd7 10. Qc2 e4 11. h4 Ng4 12. Nf4 Ndf6 13. b4 Bd7 14. Qb3 Qf7 15. b5 a6 16. bxc6 bxc6 17. Rb1 c5 18. Ncd5 Nxd5 19. Nxd5 Be6 20. Nxe7+ Qxe7 21. d5 Bc8 22. Bb2 a5 23. O-O a4 24. Qc2 g5 25. hxg5 Qxg5 26. Bh3 Nh6 27. Qc3 Nf7 28. Qf6 a3 29. Ba1 Ra4 30. Rfc1 h5 31. Rb6 Rd8 32. Rb8 Rf8 33. Rb6 Rd8 34. Kh2 Qxf6 35. Bxf6 Re8 36. Bf1 Kh7 37. Be2 Kg6 38. Ba1 Rd8 39. Kg2 Nh6 40. Be5 Nf7 41. Bf4 Ba6 42. Rh1 Bxc4 43. Bxh5+ Kg7 44. Bxf7 Kxf7 45. Rb7+ Kg8 46. Rhh7 1-0

[Event "DMP Ekstraliga 2020"]
[Site "Krakow"]
[Date "2020.03.27"]
[Round "2.23"]
[White "Sliwerski, Radoslaw"]
[Black "Mikrut, Dariusz"]
[Result "0-1"]
[ECO "E62"]
[WhiteElo "2042"]
[BlackElo "2390"]
[Annotator "ChessBase"]
[PlyCount "66"]
[EventDate "2020.08.26"]
[EventType "team-tourn"]
[EventCountry "POL"]
[SourceTitle "playchess.com"]
[Source "ChessBase"]
[SourceQuality "1"]
[TimeControl "30/5400+30:1800+30"]

1. d4 Nf6 2. c4 g6 3. g3 Bg7 4. Bg2 O-O 5. Nf3 d6 6. O-O c6 7. Nc3 Bf5 8. Re1 Ne4 9. Nh4 Nxc3 10. bxc3 Be6 11. Rb1 Qc8 12. Qa4 Nd7 13. d5 Nc5 14. Qc2 cxd5 15. cxd5 Bd7 16. Be3 b6 17. Rbc1 Na4 18. c4 Qa6 19. Qe4 Rfe8 20. Nf3 Rac8 21. Qh4 Nc3 22. Bd4 Bxd4 23. Ng5 h5 24. Qxd4 Qxc4 25. Qxc4 Rxc4 26. Bf1 Rec8 27. Kg2 f6 28. e4 R4c7 29. Ba6 Rb8 30. Ne6 Bxe6 31. dxe6 Rc5 32. Rc2 b5 33. Rec1 Na4 0-1

[Event "DMP Ekstraliga 2020"]
[Site "Krakow"]
[Date "2020.03.27"]
[Round "2.24"]
[White "Leks, Maria"]
[Black "Kulon, Klaudia"]
[Result "0-1"]
[ECO "C55"]
[WhiteElo "2080"]
[BlackElo "2336"]
[Annotator "ChessBase"]
[PlyCount "116"]
[EventDate "2020.08.26"]
[EventType "team-tourn"]
[EventCountry "POL"]
[SourceTitle "playchess.com"]
[Source "ChessBase"]
[SourceQuality "1"]
[TimeControl "30/5400+30:1800+30"]

1. e4 e5 2. Nf3 Nc6 3. Bc4 Nf6 4. d3 h6 5. c3 d6 6. O-O g6 7. d4 Qe7 8. Re1 Bg7 9. h3 O-O 10. Nbd2 Bd7 11. Nf1 Rae8 12. Ng3 Na5 13. Bd3 c5 14. d5 b5 15. b4 Nb7 16. a4 c4 17. Bc2 Ra8 18. axb5 Bxb5 19. Ba4 a6 20. Qc2 Qd7 21. Be3 Nh7 22. Ra2 Bxa4 23. Qxa4 Qxa4 24. Rxa4 f5 25. exf5 gxf5 26. Nh5 f4 27. Bb6 Rf5 28. Nxg7 Kxg7 29. b5 a5 30. Rxc4 Rf7 31. Rc6 Nf6 32. c4 a4 33. Nd2 a3 34. Ra1 a2 35. f3 Kg6 36. Bf2 Kf5 37. Ra6 Rg8 38. R1xa2 Rfg7 39. g4+ fxg3 40. Be3 g2 41. Ra8 Nd8 42. Bb6 Nh5 43. Ne4 Nf4 44. Nf2 Nf7 45. Rxg8 Rxg8 46. Ng4 Ng5 47. Ne3+ Kf6 48. Nxg2 Nxf3+ 49. Kh1 Nh5 50. Ne1 Ng3+ 51. Kg2 Nxe1+ 52. Kf2 Nd3+ 53. Ke3 Nf4 54. Bc7 Nf5+ 55. Ke4 Rg3 56. Bd8+ Kg6 57. Bb6 Nxh3 58. Ra8 Ng5# 0-1

[Event "DMP Ekstraliga 2020"]
[Site "Krakow"]
[Date "2020.03.27"]
[Round "2.25"]
[White "Harikrishna, Pentala"]
[Black "Huschenbeth, Niclas"]
[Result "1-0"]
[ECO "D37"]
[WhiteElo "2732"]
[BlackElo "2605"]
[Annotator "ChessBase"]
[PlyCount "125"]
[EventDate "2020.08.26"]
[EventType "team-tourn"]
[EventCountry "POL"]
[SourceTitle "playchess.com"]
[Source "ChessBase"]
[SourceQuality "1"]
[TimeControl "30/5400+30:1800+30"]

1. d4 Nf6 2. c4 e6 3. Nf3 d5 4. Nc3 dxc4 5. e3 a6 6. Bxc4 b5 7. Bd3 Bb7 8. Qe2 c5 9. dxc5 b4 10. Na4 Nbd7 11. O-O Nxc5 12. Nxc5 Bxc5 13. e4 Qb6 14. Ne5 O-O 15. Bf4 a5 16. Rac1 Rfd8 17. Rc2 Qa7 18. Bg5 Bd6 19. Nc4 Be7 20. e5 Nd5 21. Bxe7 Nxe7 22. Nd6 Ba6 23. Bxa6 Qxa6 24. Qe4 Rd7 25. h4 Rad8 26. h5 Nc8 27. Rc6 Nxd6 28. exd6 Qb5 29. Qf3 Qd5 30. Qxd5 exd5 31. Rfc1 Kf8 32. R1c5 Rxd6 33. Rxd6 Rxd6 34. Kf1 Ke7 35. Rxa5 Ke6 36. Ke2 Rc6 37. Kd2 Ke5 38. Ra7 Rf6 39. f3 Kd4 40. Ra4 Kc5 41. Ke3 Re6+ 42. Kd3 Re7 43. Ra5+ Kc6 44. g4 f5 45. g5 f4 46. Kd4 Re2 47. b3 Rh2 48. Rc5+ Kb6 49. Rxd5 Rxa2 50. g6 hxg6 51. Rd6+ Kb5 52. Rxg6 Rh2 53. Rg5+ Kc6 54. Ke4 Kd6 55. Kxf4 Ke6 56. Rxg7 Rxh5 57. Rb7 Rh4+ 58. Kg5 Rd4 59. f4 Kd6 60. f5 Kc5 61. f6 Rd3 62. f7 Rf3 63. Kg6 1-0

[Event "DMP Ekstraliga 2020"]
[Site "Krakow"]
[Date "2020.03.27"]
[Round "2.26"]
[White "Nasuta, Grzegorz"]
[Black "Bartel, Mateusz"]
[Result "1/2-1/2"]
[ECO "C11"]
[WhiteElo "2553"]
[BlackElo "2643"]
[Annotator "ChessBase"]
[PlyCount "59"]
[EventDate "2020.08.26"]
[EventType "team-tourn"]
[EventCountry "POL"]
[SourceTitle "playchess.com"]
[Source "ChessBase"]
[SourceQuality "1"]
[TimeControl "30/5400+30:1800+30"]

1. e4 e6 2. d4 d5 3. Nc3 Nf6 4. Bg5 dxe4 5. Nxe4 Be7 6. Bxf6 gxf6 7. Qd2 b6 8. O-O-O Bb7 9. Nc3 c6 10. f4 f5 11. Nf3 Nd7 12. g3 Qc7 13. Bg2 O-O-O 14. Rhe1 Bf6 15. Qe2 b5 16. a3 Nb6 17. Ne5 Bxe5 18. dxe5 Nc4 19. Qf2 Qb6 20. Qxb6 Nxb6 21. Rxd8+ Rxd8 22. Bf3 a5 23. Rd1 Rxd1+ 24. Nxd1 Kd7 25. Ne3 Ke7 26. g4 fxg4 27. Nxg4 Nd7 28. Kd2 f5 29. Nf2 Kd8 30. Nd3 1/2-1/2

[Event "DMP Ekstraliga 2020"]
[Site "Krakow"]
[Date "2020.03.27"]
[Round "2.27"]
[White "Gumularz, Szymon"]
[Black "Markowski, Tomasz"]
[Result "1/2-1/2"]
[ECO "B30"]
[WhiteElo "2506"]
[BlackElo "2548"]
[Annotator "ChessBase"]
[PlyCount "111"]
[EventDate "2020.08.26"]
[EventType "team-tourn"]
[EventCountry "POL"]
[SourceTitle "playchess.com"]
[Source "ChessBase"]
[SourceQuality "1"]
[TimeControl "30/5400+30:1800+30"]

1. e4 c5 2. Nf3 Nc6 3. Bb5 e6 4. O-O Nge7 5. d4 cxd4 6. Nxd4 Ng6 7. Be3 Be7 8. Be2 O-O 9. Nc3 d6 10. Nb3 b6 11. Qd2 Bb7 12. Rad1 Qd7 13. f4 Rfd8 14. Bg4 Ba6 15. Rfe1 Qb7 16. Qf2 Rac8 17. g3 Nf8 18. Bf3 Nd7 19. g4 Bf8 20. g5 Qc7 21. h4 b5 22. Be2 Qb7 23. Qf1 Nb4 24. Rd2 Rxc3 25. bxc3 Nxa2 26. c4 Nc3 27. Na5 Qc7 28. cxb5 Qxa5 29. bxa6 Nxe4 30. Rdd1 d5 31. Bxa7 Bb4 32. Ra1 Qc7 33. Be3 Ng3 34. Qf3 Bxe1 35. Rxe1 Nf5 36. Bf2 Nc5 37. Ra1 Ne4 38. a7 Ra8 39. Bd3 Nxf2 40. Qxf2 Nd6 41. Ra6 Nc8 42. f5 e5 43. Bb5 Rxa7 44. Rc6 Qd8 45. Qc5 Ra8 46. Rc7 Nd6 47. Rd7 Qa5 48. Qxd5 Qb6+ 49. Kg2 Rd8 50. Rxd8+ Qxd8 51. Bd3 Qe7 52. Qa8+ Qf8 53. Qd5 Qe7 54. Qa8+ Qf8 55. Qd5 Qe7 56. Qa8+ 1/2-1/2

[Event "DMP Ekstraliga 2020"]
[Site "Krakow"]
[Date "2020.03.27"]
[Round "2.28"]
[White "Krzyzanowski, Marcin"]
[Black "Tazbir, Marcin"]
[Result "0-1"]
[ECO "E20"]
[WhiteElo "2518"]
[BlackElo "2510"]
[Annotator "ChessBase"]
[PlyCount "108"]
[EventDate "2020.08.26"]
[EventType "team-tourn"]
[EventCountry "POL"]
[SourceTitle "playchess.com"]
[Source "ChessBase"]
[SourceQuality "1"]
[TimeControl "30/5400+30:1800+30"]

1. d4 Nf6 2. c4 e6 3. Nc3 Bb4 4. f3 Nc6 5. a3 Bxc3+ 6. bxc3 d6 7. e4 b6 8. Bd3 Na5 9. Ne2 Nd7 10. O-O Ba6 11. f4 Qe7 12. Ng3 O-O-O 13. Qe2 f6 14. Rb1 c5 15. e5 f5 16. Re1 g6 17. a4 Rhe8 18. Ba3 Qh4 19. Qf1 dxe5 20. fxe5 Bb7 21. dxc5 Nc6 22. cxb6 Ndxe5 23. Be2 a5 24. Rbd1 Rxd1 25. Rxd1 Rd8 26. Rd6 Rxd6 27. Bxd6 Qg5 28. Qf2 Qc1+ 29. Nf1 Qxc3 30. c5 Nf7 31. Bf4 Nd4 32. Be3 e5 33. Bxd4 exd4 34. Bf3 Qxc5 35. Bxb7+ Kxb7 36. Nd2 Qxb6 37. Qf3+ Ka7 38. Qd5 Nd6 39. h3 Nb7 40. Nb3 d3+ 41. Kf1 Qe3 42. Nd4 Qc1+ 43. Kf2 d2 44. Nb5+ Kb6 45. Qd4+ Qc5 46. Ke2 Qxd4 47. Nxd4 Nc5 48. Kxd2 Nxa4 49. Ne6 Nc5 50. Nf8 Ne4+ 51. Kd3 Nf6 52. Kc4 Kc6 53. Ne6 Kd6 54. Nd4 Ke5 0-1

[Event "DMP Ekstraliga 2020"]
[Site "Krakow"]
[Date "2020.03.27"]
[Round "2.29"]
[White "Wieczorek, Oskar"]
[Black "Jakubowski, Krzysztof"]
[Result "1/2-1/2"]
[ECO "B23"]
[WhiteElo "2493"]
[BlackElo "2481"]
[Annotator "ChessBase"]
[PlyCount "111"]
[EventDate "2020.08.26"]
[EventType "team-tourn"]
[EventCountry "POL"]
[SourceTitle "playchess.com"]
[Source "ChessBase"]
[SourceQuality "1"]
[TimeControl "30/5400+30:1800+30"]

1. e4 c5 2. Nc3 a6 3. g3 b5 4. Bg2 Bb7 5. f4 e6 6. d3 Ne7 7. Nf3 Nec6 8. O-O Be7 9. f5 O-O 10. Be3 b4 11. Na4 exf5 12. Nxc5 Qb6 13. d4 fxe4 14. Nxe4 Na5 15. Qd3 Qb5 16. Ne5 d6 17. Qxb5 axb5 18. Nd3 Na6 19. Rf5 Nc4 20. Bg5 Rae8 21. Re1 f6 22. Bc1 d5 23. Nef2 Nb6 24. Nh3 g5 25. Rff1 Kg7 26. Nhf2 Bc8 27. Nd1 Nc7 28. Nc5 f5 29. Nf2 Bf6 30. c3 bxc3 31. bxc3 Rxe1 32. Rxe1 Re8 33. Rxe8 Nxe8 34. Nfd3 Nd6 35. Ba3 Ne4 36. Bb4 Nc4 37. a4 bxa4 38. Nxa4 Ne3 39. Bf3 Ba6 40. Nac5 Bc4 41. Ne5 Bxe5 42. dxe5 g4 43. Bg2 Nd1 44. Ne6+ Kg8 45. Nd4 Ndxc3 46. Bxe4 Nxe4 47. e6 Bd3 48. Nxf5 Bb5 49. Ne7+ Kg7 50. Nxd5 Bc6 51. e7 Kf7 52. Ne3 Nf6 53. Nf5 Bd7 54. Ne3 Be6 55. Kf2 Nd5 56. Nxd5 1/2-1/2

[Event "DMP Ekstraliga 2020"]
[Site "Krakow"]
[Date "2020.03.27"]
[Round "2.30"]
[White "Worek, Joanna"]
[Black "Zawadzka, Jolanta"]
[Result "1/2-1/2"]
[ECO "B90"]
[WhiteElo "2326"]
[BlackElo "2419"]
[Annotator "ChessBase"]
[PlyCount "73"]
[EventDate "2020.08.26"]
[EventType "team-tourn"]
[EventCountry "POL"]
[SourceTitle "playchess.com"]
[Source "ChessBase"]
[SourceQuality "1"]
[TimeControl "30/5400+30:1800+30"]

1. e4 c5 2. Nf3 d6 3. d4 cxd4 4. Nxd4 Nf6 5. Nc3 a6 6. Be3 e5 7. Nb3 Be6 8. f3 h5 9. Qd2 Nbd7 10. O-O-O Be7 11. Kb1 b5 12. Nd5 Bxd5 13. exd5 Nb6 14. Bxb6 Qxb6 15. Na5 Rc8 16. Nc6 Nxd5 17. Nxe7 Nxe7 18. Qxd6 Qxd6 19. Rxd6 Nc6 20. Be2 Ke7 21. Rdd1 g6 22. Rhe1 Rhd8 23. c3 Ke6 24. a4 Rxd1+ 25. Rxd1 Rb8 26. axb5 axb5 27. b4 Ne7 28. Kb2 Nf5 29. Ra1 Nd6 30. Kb3 f5 31. Ra6 Kd5 32. Ra7 Rb6 33. Rg7 Nc4 34. Rc7 Nd6 35. Rg7 Nc4 36. Rc7 Nd6 37. Rg7 1/2-1/2

[Event "DMP Ekstraliga 2020"]
[Site "Krakow"]
[Date "2020.08.28"]
[Round "3.1"]
[White "Huschenbeth, Niclas"]
[Black "Kryvoruchko, Yuriy"]
[Result "1/2-1/2"]
[ECO "C65"]
[WhiteElo "2605"]
[BlackElo "2682"]
[Annotator "ChessBase"]
[PlyCount "67"]
[EventDate "2020.08.26"]
[EventType "team-tourn"]
[EventCountry "POL"]
[SourceTitle "playchess.com"]
[Source "ChessBase"]
[SourceQuality "1"]
[TimeControl "30/5400+30:1800+30"]

1. e4 e5 2. Nf3 Nc6 3. Bb5 Nf6 4. d3 Bc5 5. c3 d5 6. exd5 Qxd5 7. Bc4 Qd6 8. b4 Bb6 9. a4 O-O 10. Nbd2 Bf5 11. Ba3 e4 12. dxe4 Nxe4 13. Nxe4 Bxe4 14. Qxd6 cxd6 15. O-O-O Rac8 16. Bd5 Bxd5 17. Rxd5 Ne5 18. Nxe5 dxe5 19. Kb2 Rfd8 20. Rxe5 Rxc3 21. Rd1 Rcc8 22. Rxd8+ Rxd8 23. Re7 h5 24. Rxb7 Bxf2 25. b5 Rd5 26. Bb4 h4 27. a5 Rg5 28. a6 Rxg2 29. Kb3 Rxh2 30. b6 Bxb6 31. Rxb6 h3 32. Rb5 Re2 33. Rh5 Re6 34. Rxh3 1/2-1/2

[Event "DMP Ekstraliga 2020"]
[Site "Krakow"]
[Date "2020.08.28"]
[Round "3.2"]
[White "Bluebaum, Matthias"]
[Black "Nasuta, Grzegorz"]
[Result "1-0"]
[ECO "D02"]
[WhiteElo "2647"]
[BlackElo "2553"]
[Annotator "ChessBase"]
[PlyCount "103"]
[EventDate "2020.08.26"]
[EventType "team-tourn"]
[EventCountry "POL"]
[SourceTitle "playchess.com"]
[Source "ChessBase"]
[SourceQuality "1"]
[TimeControl "30/5400+30:1800+30"]

1. d4 d5 2. Nf3 Nf6 3. Bf4 c5 4. e3 Nc6 5. Nbd2 Qb6 6. dxc5 Qxb2 7. Rb1 Qc3 8. Bb5 g6 9. O-O Bg7 10. Nb3 O-O 11. Bxc6 bxc6 12. Be5 Qc4 13. Qd4 Qxd4 14. Nbxd4 Ba6 15. Nxc6 Rfe8 16. Rfd1 Rac8 17. Bxf6 Bxf6 18. Nb4 Bc4 19. Nxd5 Bg7 20. Rb7 Rxc5 21. Nb4 a5 22. Nd3 Bxd3 23. cxd3 Rc2 24. a4 Ra2 25. d4 Rxa4 26. g3 Bf8 27. Ra7 Rc8 28. Rd2 Ra1+ 29. Kg2 f6 30. d5 Rd8 31. e4 e6 32. dxe6 Re8 33. Rdd7 Rxe6 34. Ra8 Rxe4 35. Rdd8 Ra2 36. Rxf8+ Kg7 37. Rfe8 Rxe8 38. Rxe8 Kf7 39. Ra8 Ke6 40. Ra6+ Kd5 41. Rxf6 a4 42. Rf7 a3 43. Rxh7 Re2 44. Ra7 a2 45. Ra4 Kc5 46. Nd4 Rd2 47. h4 Rxd4 48. Rxa2 Rd6 49. h5 gxh5 50. Ra5+ Kd4 51. Rxh5 Ke4 52. f3+ 1-0

[Event "DMP Ekstraliga 2020"]
[Site "Krakow"]
[Date "2020.08.28"]
[Round "3.3"]
[White "Markowski, Tomasz"]
[Black "Piorun, Kacper"]
[Result "0-1"]
[ECO "A48"]
[WhiteElo "2548"]
[BlackElo "2596"]
[Annotator "ChessBase"]
[PlyCount "198"]
[EventDate "2020.08.26"]
[EventType "team-tourn"]
[EventCountry "POL"]
[SourceTitle "playchess.com"]
[Source "ChessBase"]
[SourceQuality "1"]
[TimeControl "30/5400+30:1800+30"]

1. d4 Nf6 2. Nf3 g6 3. c3 Bg7 4. Bf4 O-O 5. e3 b6 6. a4 a5 7. Be2 Bb7 8. O-O d6 9. h3 e6 10. Nbd2 Qe7 11. Qc2 Nc6 12. Bh2 Nd7 13. Rfd1 e5 14. dxe5 Ncxe5 15. Nxe5 Bxe5 16. Bf3 Bxh2+ 17. Kxh2 Bxf3 18. Nxf3 Nc5 19. Kg1 f5 20. b4 Ne4 21. Nd2 Nf6 22. Nb3 Qf7 23. bxa5 bxa5 24. Rab1 Rfb8 25. Nd2 Nd7 26. Nb3 Qc4 27. Rd4 Qe6 28. Rdd1 Qc4 29. Rd4 Qf7 30. Rdd1 Nb6 31. Rd4 Nc4 32. Nd2 Ne5 33. e4 f4 34. Rd5 f3 35. Rdb5 Rxb5 36. Rxb5 Kg7 37. g3 h5 38. Qb3 Qe7 39. c4 Rf8 40. Rxa5 Qe6 41. Kh2 h4 42. gxh4 Rf4 43. c5 Qc8 44. Qb1 Rxh4 45. Qf1 Qf8 46. cxd6 Qf4+ 47. Kg1 Qg5+ 48. Kh1 Qg4 49. Kh2 cxd6 50. Rd5 Qf4+ 51. Kg1 Rh5 52. a5 Rg5+ 53. Kh1 Qh4 54. Rxd6 Rg2 55. Qxg2 fxg2+ 56. Kxg2 Qe7 57. Rd5 Nc4 58. Kf1 Ne5 59. Kg2 Nc6 60. a6 Qa7 61. Nf3 Qxa6 62. Rg5 Qd3 63. Rg4 Ne7 64. Nh4 Kh6 65. Nf3 Qd6 66. Rh4+ Kg7 67. Rg4 Kf8 68. Nh4 Ke8 69. Rg3 Qf6 70. Rg4 Kd7 71. Nf3 Kc7 72. Rg3 Kb6 73. Rg4 Kc5 74. Kg3 Qa1 75. Kg2 Qf6 76. Kg3 Nc6 77. Kg2 Qe6 78. Rg5+ Kb4 79. Rg3 Kc5 80. Rg5+ Kb6 81. Rg4 Qf6 82. Kg3 Nd8 83. Ng5 Nb7 84. Nf3 Nc5 85. Rf4 Qc6 86. e5 Ne4+ 87. Kg2 Kc5 88. h4 Kd5 89. Ng5 Nc5 90. Rf6 Qb7 91. e6 Kd6+ 92. Kh2 Qb4 93. Kg3 Qe1 94. Kg2 Nd3 95. Rf3 Qe2 96. Kg3 Ne1 97. Re3 Qf1 98. e7 Qg2+ 99. Kf4 Qxf2+ 0-1

[Event "DMP Ekstraliga 2020"]
[Site "Krakow"]
[Date "2020.08.28"]
[Round "3.4"]
[White "Krasenkow, Michal"]
[Black "Krzyzanowski, Marcin"]
[Result "1-0"]
[ECO "D46"]
[WhiteElo "2605"]
[BlackElo "2518"]
[Annotator "ChessBase"]
[PlyCount "103"]
[EventDate "2020.08.26"]
[EventType "team-tourn"]
[EventCountry "POL"]
[SourceTitle "playchess.com"]
[Source "ChessBase"]
[SourceQuality "1"]
[TimeControl "30/5400+30:1800+30"]

1. Nf3 d5 2. d4 Nf6 3. c4 c6 4. Nc3 e6 5. e3 Nbd7 6. Bd3 Bd6 7. e4 dxe4 8. Nxe4 Nxe4 9. Bxe4 Nf6 10. Bc2 c5 11. O-O O-O 12. Qd3 h6 13. Rd1 Qc7 14. dxc5 Bxc5 15. b4 Be7 16. Bb2 Rd8 17. Qe2 Bd7 18. Be5 Qc8 19. Bc3 Be8 20. Ne5 Qc7 21. a4 Rac8 22. Rxd8 Rxd8 23. Qe3 b6 24. h3 Rc8 25. Rc1 Kf8 26. Bb3 Kg8 27. Rd1 Qb7 28. Bc2 Qc7 29. Rd3 Qb7 30. Qe2 Ne4 31. Bb2 f5 32. f3 Ng3 33. Qe1 Nh5 34. Bb3 Kh7 35. c5 Nf4 36. Rd4 Bg5 37. h4 bxc5 38. Rc4 cxb4 39. hxg5 Rxc4 40. Nxc4 hxg5 41. Qe5 Qd7 42. Qb8 a5 43. Nd6 Qc6 44. Qa7 Bd7 45. Nf7 Nd3 46. Ne5 Nxe5 47. Bxe5 Qc1+ 48. Kh2 Qe1 49. Qd4 Bc6 50. Bxe6 f4 51. Bf5+ g6 52. Qa7+ 1-0

[Event "DMP Ekstraliga 2020"]
[Site "Krakow"]
[Date "2020.08.28"]
[Round "3.5"]
[White "Jakubowski, Krzysztof"]
[Black "Janik, Igor"]
[Result "1/2-1/2"]
[ECO "A46"]
[WhiteElo "2481"]
[BlackElo "2471"]
[Annotator "ChessBase"]
[PlyCount "27"]
[EventDate "2020.08.26"]
[EventType "team-tourn"]
[EventCountry "POL"]
[SourceTitle "playchess.com"]
[Source "ChessBase"]
[SourceQuality "1"]
[TimeControl "30/5400+30:1800+30"]

1. d4 Nf6 2. Nf3 e6 3. Bf4 c5 4. c3 Qb6 5. Qb3 d5 6. Nbd2 Be7 7. e3 Bd7 8. Be2 O-O 9. O-O Rc8 10. Ne5 Nc6 11. Qxb6 axb6 12. Nxd7 Nxd7 13. a3 Bd8 14. Rad1 1/2-1/2

[Event "DMP Ekstraliga 2020"]
[Site "Krakow"]
[Date "2020.08.28"]
[Round "3.6"]
[White "Antolak, Julia"]
[Black "Worek, Joanna"]
[Result "1-0"]
[ECO "B93"]
[WhiteElo "2323"]
[BlackElo "2326"]
[Annotator "ChessBase"]
[PlyCount "131"]
[EventDate "2020.08.26"]
[EventType "team-tourn"]
[EventCountry "POL"]
[SourceTitle "playchess.com"]
[Source "ChessBase"]
[SourceQuality "1"]
[TimeControl "30/5400+30:1800+30"]

1. e4 c5 2. Nf3 d6 3. d4 cxd4 4. Nxd4 Nf6 5. Nc3 a6 6. f4 Nc6 7. Nxc6 bxc6 8. e5 dxe5 9. Qxd8+ Kxd8 10. fxe5 Ng4 11. Bf4 g5 12. Bxg5 Bg7 13. Be2 Nxe5 14. O-O-O+ Ke8 15. Rhe1 Be6 16. Na4 a5 17. Bh5 Kf8 18. Nc5 Bf5 19. Rf1 Bg6 20. Bxg6 Nxg6 21. Ne6+ Kg8 22. Rd8+ Rxd8 23. Nxd8 f6 24. Bd2 Ne5 25. Bxa5 Bh6+ 26. Kb1 Kg7 27. Ne6+ Kf7 28. Nd4 Nc4 29. Bc3 Bd2 30. Rd1 Bxc3 31. bxc3 Rd8 32. Rd3 Ne5 33. Rh3 c5 34. Rxh7+ Kg6 35. Rg7+ Kh5 36. Nf5 e6 37. Ne3 Rd2 38. Kc1 Re2 39. Rg3 f5 40. Kd1 Rf2 41. Ke1 Rf4 42. Nf1 Ng6 43. Re3 e5 44. Ng3+ Kg5 45. Rf3 Nh4 46. Rxf4 Nxg2+ 47. Kf2 Nxf4 48. a4 Nd5 49. a5 Nxc3 50. a6 Nb5 51. c4 Na7 52. Kf3 Nc6 53. h4+ Kf6 54. h5 Nd4+ 55. Kg2 Ne6 56. a7 Nc7 57. h6 f4 58. Nf5 Kg6 59. Kf3 Na8 60. Ke4 Nb6 61. Kxe5 f3 62. Nh4+ Kxh6 63. Nxf3 Kg6 64. Ke6 Kg7 65. Ne5 Na8 66. Nd7 1-0